 Dungeon Crawl Stone Soup version 0.29.1-2-gbd0b4ee654 (webtiles) character file.

Game seed: 17134157323807887222

69 Raikaria the Shooter (level 4, -1/28 HPs)
             Began as a Tengu Hunter on Nov 7, 2022.
             Slain by an orc priest
             ... wielding a +0 mace
              (3 damage)
             ... on level 3 of the Dungeon.
             The game lasted 00:04:09 (1749 turns).

Raikaria the Shooter (Tengu Hunter)                 Turns: 1749, Time: 00:04:09

Health: -1/28      AC:  4    Str: 11    XL:     4   Next: 20%
Magic:  5/5        EV: 12    Int: 11    God:
Gold:   137        SH:  0    Dex: 18    Spells: 2/3 levels left

rFire   . . .      SeeInvis .   a - +0 shortbow
rCold   + . .      Faith    .   (shield currently unavailable)
rNeg    . . .      Spirit   .   c - +0 leather armour
rPois   .          Reflect  .   (helmet restricted)
rElec   .          Harm     .   e - +0 cloak
rCorr   .          Rampage  .   (no gloves)
Will    .....                   (boots unavailable)
Stlth   ++........              (no amulet)
HPRegen 0.09/turn               p - ring of protection from cold
MPRegen 0.09/turn               (no ring)

@: no status effects
A: beak, talons 3
a: no special abilities


You were on level 3 of the Dungeon.
You visited 1 branch of the dungeon, and saw 3 of its levels.

You collected 137 gold pieces.

Inventory:

Hand Weapons
 a - a +0 shortbow (weapon)
Armour
 c - a +0 leather armour (worn)
 e - a +0 cloak (worn)
Jewellery
 p - a ring of protection from cold (left hand)
Scrolls
 b - 3 scrolls of immolation
 d - 2 scrolls of enchant armour {unknown}
 g - 2 scrolls of brand weapon {unknown}
 h - 2 scrolls of identify {unknown}
 l - a scroll of fear {unknown}
 o - a scroll of enchant weapon {unknown}
 q - a scroll of blinking {unknown}
Potions
 f - 3 potions of heal wounds {unknown}
 i - a potion of magic {unknown}
 j - 2 potions of degeneration {unknown}
 k - 3 potions of haste {unknown}
 m - a potion of might {unknown}
 n - a potion of curing {unknown}
 r - a potion of brilliance {unknown}


   Skills:
 + Level 3.0 Fighting
 + Level 5.1 Ranged Weapons
 - Level 3.0 Dodging
 - Level 1.0 Stealth
 + Level 0.3 Spellcasting


You had 2 spell levels left.
You knew the following spells:

 Your Spells              Type           Power      Damage    Failure   Level
a - Freeze                Ice            0%         1d3       43%         1

Your spell library contained the following spells:

 Spells                   Type           Power      Damage    Failure   Level
 Frozen Ramparts          Ice            0%         1d1       80%         3
 Inner Flame              Hex/Fire       0%         N/A       80%         3
 Cause Fear               Hex            0%         N/A       99%         4
 Hailstorm                Conj/Ice       0%         3d3       99%         4
 Discord                  Hex            0%         N/A       100%        8


Dungeon Overview and Level Annotations

Branches:
Dungeon (3/15)

Altars:


Innate Abilities, Weirdness & Mutations

You have a beak for a mouth.
You have claws for feet.


Message History

You kill the quokka!
Your Fighting skill increases to level 3!
There is an open door here.
There is an open door here.
Done exploring.
Done exploring.
There is an open door here.
There is an open door here.
There is a stone staircase leading down here.
You climb downwards.
There is a stone staircase leading up here.
Found 3 atropa-tipped darts.
q - a scroll labelled SEMIYN DOGAJA
r - a green potion You see here 3 atropa-tipped darts.
A ball python comes into view.
You shoot an arrow. The arrow hits the ball python.
You kill the ball python!
An orc priest comes into view. It is wielding a +0 mace.
You shoot an arrow.
The arrow completely misses the orc priest.
You hear a shout! x2; You hear an angry hiss.
The orc priest mumbles some strange prayers to Beogh against you.
Beogh smites you!
An orc comes into view. It is wielding a +0 mace.
The orc priest calls down the wrath of Beogh upon you.
Beogh smites you!
* * * LOW HITPOINT WARNING * * *
An orc comes into view. It is wielding a +0 short sword.
The orc attacks as you move away! The orc barely misses you.
Found a stone staircase leading down.
The orc priest attacks as you move away!
The orc priest hits you with a +0 mace.
* * * LOW HITPOINT WARNING * * *
The orc priest attacks as you move away!
The orc priest hits you with a +0 mace.
* * * LOW HITPOINT WARNING * * *
The orc priest attacks as you move away!
The orc priest hits you with a +0 mace.
You die...

########.....##.#..
#.....##.##(.##....
#.....##.#...#####.
#.....##.....# #.
#.....######.# ##
#......o...#.#####
#....o.###.#.....#
####........#.#####.#
+...>@o.###.#o# #.#
###.....#.†...# #.#
##..###.#.#######.#
#...# # #.........#
#..## ########### #..
#.. #..


You could see an orc priest and 2 orcs.

Vanquished Creatures
  A hound (D:2)
  An adder (D:2)
  A worm (D:2)
  An endoplasm (D:1)
  3 giant cockroaches (D:1)
  3 goblins (D:1)
  4 hobgoblins
  5 kobolds
  2 quokkas
  A ball python (D:3)
  2 bats (D:1)
  2 frilled lizards
  3 rats (D:2)
29 creatures vanquished.

Notes
Turn   | Place    | Note
-------+----------+-------------------------------------------
     0 | D:1      | Raikaria the Tengu Hunter began the quest for the Orb.
     0 | D:1      | Reached XP level 1. HP: 12/12 MP: 2/2
   116 | D:1      | Reached XP level 2. HP: 17/17 MP: 3/3
   350 | D:1      | Learned a level 1 spell: Freeze
   408 | D:2      | Reached XP level 3. HP: 13/22 MP: 4/4
   701 | D:2      | Reached skill level 5 in Ranged Weapons
  1022 | D:2      | Reached XP level 4. HP: 25/27 MP: 1/5
  1475 | D:2      | Found a faded altar of an unknown god.
  1749 | D:3      | Slain by an orc priest

Illustrated notes

Levels and vault maps discovered:
D:1:      sevenhm_arrival_forest_fort_small_4, layout_basic
D:2:      layout_loops_corners, dreamdust_ecumenical_altar_angels_and_demons
D:3:      layout_basic, mainiacjoe_overflow_large_starburst

Skill      XL: |  1  2  3  4 |
---------------+-------------+-----
Ranged Weapons | 5 |  5.1
Dodging        | 3 |  3.0
Fighting       | 3 |  3.0
Stealth        | |  1.0
Spellcasting   | |  0.3

Action                   |  1- 3 |  4- 6 || total
-------------------------+-------+-------++-------
 Fire: Shortbow          |    71 |     4 ||    75
 Cast: Freeze            |     5 |       ||     5
Armor: Leather armour    |     7 |       ||     7
Dodge: Dodged            |    27 |     1 ||    28
